 Dungeon Sprint DCSS version 0.21-a0-286-g6fcecc0 (webtiles) character file.

33 potatolord6000 the Skirmisher (level 3, -8/30 HPs)
             Began as a Mummy Fighter on Sept 27, 2017.
             Was a Follower of Yredelemnul.
             Mangled by an orc knight
             ... wielding a +2 great mace of draining
              (11 damage)
             ... in the Dungeon (Sprint V: "Ziggurat Sprint").
             The game lasted 00:02:32 (169 turns).

potatolord6000 the Skirmisher (Mummy Fighter)        Turns: 169, Time: 00:02:32

Health: -8/30      AC: 21    Str: 32    XL:     3   Next: 12%
Magic:  4/4        EV: -1    Int:  7    God:    Yredelemnul [*.....]
Gold:   0          SH: 28    Dex: 11    Spells: 2/2 levels left

rFire    x . .     SeeInvis .   f - +9 sword of Zonguldrok {reap}
rCold    + . .     Gourm    .   e - +18 shield of the Gong {rElec rN+ MR+ EV-5}
rNeg     + + +     Faith    .   g - +5 crystal plate armour
rPois    ∞         Spirit   .   (no helmet)
rElec    +         Reflect  .   (no cloak)
rCorr    .         Harm     .   (no gloves)
MR       +....     NoTele   +   (no boots)
Stlth    ..........             (no amulet)
HPRegen  0.10/turn              o - +6 ring of strength
MPRegen  0.09/turn              p - +6 ring of strength

@: no status effects
A: no food or potions, fire vulnerability, cold resistance 1, negative energy
resistance 3, torment resistance, unbreathing
a: Animate Remains, Renounce Religion


You were in the Dungeon.
You worshipped Yredelemnul.
Yredelemnul was aware of your devotion.
You were not hungry.

You visited 1 branch

Inventory:

Hand Weapons
 f - the +9 sword of Zonguldrok (weapon) {reap}
   (You found it in the Dungeon)

   If a monster killed with it leaves a corpse in good enough shape, the corpse
   will be animated as a zombie friendly to the killer.
Armour
 e - the +18 shield of the Gong (worn) {rElec rN+ MR+ EV-5}
   (You found it in the Dungeon)

   It affects your evasion (-5).
   It insulates you from electricity.
   It protects you from negative energy.
   It affects your resistance to hostile enchantments.
 g - a +5 crystal plate armour (worn)
Jewellery
 o - a +6 ring of strength (left hand)
 p - a +6 ring of strength (right hand)
Scrolls
 a - 4 scrolls of amnesia
 b - 3 scrolls of recharging
 c - 7 scrolls of fog
 d - 4 scrolls of blinking
 h - 5 scrolls of identify
 i - 5 scrolls of remove curse
 j - a scroll of fear


   Skills:
 + Level 4.1 Fighting
 + Level 1.9 Long Blades
   Level 1.5 Axes
 + Level 3.3 Armour
 + Level 3.3 Shields
 + Level 2.2 Invocations


You had 2 spell levels left.
You didn't know any spells.

Dungeon Overview and Level Annotations

Branches:
Dungeon (1/1)

Altars:
Ashenzari
Cheibriados
Dithmenos
Elyvilon
Fedhas
Gozag
Hepliaklqana
Kikubaaqudgha
Makhleb
Nemelex Xobeh
Okawaru
Qazlal
Ru
Sif Muna
Trog
Uskayaw
Vehumet
Wu Jian
Xom
Yredelemnul
Zin
The Shining One
Beogh
Jiyva
Lugonu

Annotations:
D 1 transporter


Innate Abilities, Weirdness & Mutations

You do not eat or drink.
Your flesh is vulnerable to fire.
You are immune to poison.
Your flesh is cold resistant. (rC+)
You are immune to negative energy. (rN+++)
You are immune to unholy pain and torment.
You can survive without breathing.


Message History

Unknown command.
You hit the orc knight but do no damage.
The orc knight is severely wounded.
The cyclops completely misses you.
The orc knight hits you with a great mace of draining!
Ouch! That really hurt!
* * * LOW HITPOINT WARNING * * *
Unknown command.
You closely miss the orc knight.
The orc knight is severely wounded.
You block the orc knight's attack.
PANG!
You block the cyclops's attack.
BONNNG!
Unknown command.
You barely miss the orc knight.
The orc knight is severely wounded.
The orc knight hits you with a great mace of draining!
You die...
Yredelemnul claims you as an undead slave.

▓▓▓▓▓▓▓▓▓▓▓▓▓
▓.8©8.▓.8©8.▓
▓.:[).▓.....▓
▓.....▓...).▓
▓Co...▓.)...▓
▓@.)..▓.....▓
▓.....▓..©..▓
▓..©..▓▓▓▓▓▓▓
▓▓▓▓▓▓▓


You could see an orc knight and a cyclops.

Vanquished Creatures
  An orc priest (D)
  An adder simulacrum (D)
  An orc (D)
3 creatures vanquished.

Notes
Turn   | Place    | Note
-------+----------+-------------------------------------------
     0 | D        | Found the +6 Majin-Bo {vamp, Archmagi MP+6 Int+6}
     0 | D        | Found the +7 great mace "Firestarter" {inner flame, rF++}
     0 | D        | potatolord6000 the Mummy Fighter began the quest for the Orb.
     0 | D        | Reached XP level 1. HP: 18/18 MP: 1/1
     2 | D        | Found a blossoming altar of Fedhas.
     3 | D        | Found a transporter.
     3 | D        | Found a viscous altar of Jiyva.
     3 | D        | Found an ancient bone altar of Kikubaaqudgha.
     3 | D        | Found a hazy altar of Hepliaklqana.
     3 | D        | Found a corrupted altar of Lugonu.
     3 | D        | Found an opulent altar of Gozag.
     3 | D        | Found a burning altar of Makhleb.
     7 | D        | Found a stormy altar of Qazlal.
     7 | D        | Found an iron altar of Okawaru.
     7 | D        | Found a sacrificial altar of Ru.
     7 | D        | Found a sparkling altar of Nemelex Xobeh.
     7 | D        | Found a deep blue altar of Sif Muna.
     7 | D        | Found a bloodstained altar of Trog.
    22 | D        | Became a worshipper of Yredelemnul the Dark
    40 | D        | Found the +9 heavy crossbow "Sniper" {velocity, Acc+∞ SInv}
    40 | D        | Found the +10 dark maul {crush}
    40 | D        | Found the +15 Maxwell's patent armour {-Cast -Tele rElec MR+ rCorr}
    40 | D        | Found the +18 shield of the Gong {rElec rN+ MR+ EV-5}
    40 | D        | Found the cursed +14 obsidian axe {chop, +Fly SInv *Curse}
    42 | D        | Found the +6 shillelagh "Devastator" {shatter}
    42 | D        | Found the +11 plutonium sword {*Contam Stlth-}
    42 | D        | Found the +8 lance "Wyrmbane" {slay drac, rPois rF+ rC+ AC+3}
    42 | D        | Found the +9 sword of Zonguldrok {reap}
    42 | D        | Found the cursed +13 scythe of Curses {drain, *Curse}
    42 | D        | Found the +0 sword of Power
    42 | D        | Found the +9 mace of Variability {chaos}
    42 | D        | Found the +7 Singing Sword
    42 | D        | Found the +7 longbow "Piercer" {penet, EV-2}
   116 | D        | Entered arena 2.
   116 | D        | Noticed an orc priest
   116 | D        | Found a transporter.
   120 | D        | Killed an orc priest
   120 | D        | Reached skill level 4 in Fighting
   120 | D        | Reached skill level 1 in Long Blades
   120 | D        | Reached XP level 2. HP: 25/25 MP: 1/3
   120 | D        | Reached XP level 3. HP: 30/30 MP: 1/4
   153 | D        | Entered arena 3.
   153 | D        | Noticed a cyclops
   153 | D        | Noticed an orc knight
   153 | D        | Found a transporter.
   156 | D        | Reached * piety under Yredelemnul
   169 | D        | Mangled by an orc knight

Vault maps used:
D:        sprint_v

Skill      XL: |  1 |
---------------+----+-----
Fighting       | 4 |  4.1
Long Blades    | 1 |  1.9
Armour         | 3 |  3.3
Shields        | 3 |  3.3
Invocations    | 2 |  2.2
Axes           | |  1.5

Action                   || total
-------------------------++-------
Melee: Double sword      ||    16
  Use: Scroll            ||     1
Armor: Crystal plate arm ||     1
Dodge: Dodged            ||     1
Block: Shield            ||    16

Table legend:
 A = Spawn XP
 B = Non-spawn XP
 C = Spawn XP percentage of total XP
 D = Spawn monster count
 E = Non-spawn monster count
 F = Spawn count percentage of total count
 G = Total turns spent on level
                    A         B        C        D         E        F      G
               +---------+---------+-------+---------+---------+-------+---------
         Total |       0 |      48 |   0.0 |       0 |       3 |   0.0 |   169
               +---------+---------+-------+---------+---------+-------+---------
             D |       0 |      48 |   0.0 |       0 |       3 |   0.0 |   169
               +---------+---------+-------+---------+---------+-------+---------
